 Dungeon Crawl Stone Soup version 0.20.1-1-g8b1a95d (webtiles) character file.

54 Linguinho the Skirmisher (level 3, 0/29 HPs)
             Began as a Demonspawn Fighter on Oct 31, 2017.
             Was an Initiate of Qazlal.
             Slain by an orc
             ... wielding a +2 falchion of venom
              (2 damage)
             ... on level 3 of the Dungeon.
             The game lasted 00:04:04 (1376 turns).

Linguinho the Skirmisher (Demonspawn Fighter)       Turns: 1376, Time: 00:04:06

Health: 0/29       AC:  9    Str: 17    XL:     3   Next: 66%
Magic:  3/3        EV:  7    Int:  9    God:    Qazlal [......]
Gold:   68         SH:  0    Dex: 12    Spells: 2/2 levels left

rFire    . . .     SeeInvis .   a - +0 flail
rCold    . . .     Gourm    .   c - +0 shield
rNeg     . . .     Faith    .   b - +0 scale mail
rPois    .         Spirit   .   (helmet restricted)
rElec    .         Reflect  .   t - +0 cloak
rCorr    .         Harm     .   (no gloves)
MR       .....                  (no boots)
Stlth    ..........             (no amulet)
Regen    0.1/turn               (no ring)
MPRegen  0.1/turn               (no ring)

@: confused
A: antennae 1, icy blue scales 1
a: Renounce Religion


You were on level 3 of the Dungeon.
You worshipped Qazlal.
Qazlal was noncommittal.
You were hungry.

You visited 1 branch of the dungeon, and saw 3 of its levels.

You collected 68 gold pieces.

Inventory:

Hand Weapons
 a - a +0 flail (weapon)
Armour
 b - a +0 scale mail (worn)
 c - a +0 shield (worn)
 t - a +0 cloak (worn)
Jewellery
 p - an uncursed ring of fire {unknown}
Scrolls
 e - 3 scrolls of blinking {unknown}
 g - 3 scrolls of fear {unknown}
 h - a scroll of remove curse {unknown}
 i - 2 scrolls of noise {unknown}
 m - a scroll of immolation {unknown}
 o - a scroll of teleportation {unknown}
 q - 2 scrolls of identify {unknown}
 s - a scroll of amnesia {unknown}
 u - a scroll of recharging {unknown}
Potions
 d - a potion of might
 l - a potion of ambrosia {unknown}
 n - a potion of heal wounds {unknown}
 r - a potion of curing {unknown}
Comestibles
 f - 3 bread rations
 j - 3 meat rations
 k - 6 fruits
 v - a royal jelly


   Skills:
 + Level 3.2 Fighting
 + Level 2.3 Maces & Flails
 + Level 3.1 Armour
 + Level 0.8 Dodging
 + Level 3.1 Shields


You had 2 spell levels left.
You didn't know any spells.

Dungeon Overview and Level Annotations

Branches:
Dungeon (3/15)

Altars:
Qazlal


Innate Abilities, Weirdness & Mutations

You have a pair of small antennae on your head.
You are partially covered in icy blue scales. (AC +2)


Message History

A puff of flame appears from out of thin air!
The puff of flame hits you!
* * * LOW HITPOINT WARNING * * *
You hit something.
Something hits you but does no damage. x2
The goblin shoots a stone.
You block the stone.
The goblin shoots a stone.
The stone hits you.
* * * LOW HITPOINT WARNING * * *
You see here a stone.
You hear some strange, mumbled words.
You are confused.
You bump into the rock wall.
The goblin shoots a stone.
You hear some strange, mumbled words.
A puff of flame appears from out of thin air!
The puff of flame hits you!
* * * LOW HITPOINT WARNING * * *
The goblin shoots a stone.
You bump into the rock wall.
Something hits you but does no damage.
You barely miss something.
The orc hits you with a falchion of venom.
You die...

#..#
#.........#..#.#..#....
#.##
#.....#.#..(....#..#... #.#
#.....#.###..#...#..... #.#
#######......#.#..#.... #.#
######g.{.#..#... #.#
#)#...#...<. #.###
#######(#.#..#.... #...#
#{oog...#..#..#.#. ###.#
#@####..##......#. #.#
#.#....(##########
#.########.#.##.## ##
#............##.##########.
##########......##.........
#########.#######. #.# #.
#.# #. ###.#### #.


You could see 2 orcs and a goblin.

Vanquished Creatures
  An adder (D:2)
  A shadow imp (D:3)
  A worm (D:2)
  A leopard gecko (D:3)
  An orc (D:3)
  4 bats
  4 giant cockroaches
  4 goblins
  4 hobgoblins
  A quokka (D:2)
  A ball python (D:2)
  4 frilled lizards
  2 kobolds
  4 rats
33 creatures vanquished.

Notes
Turn   | Place    | Note
-------+----------+-------------------------------------------
     0 | D:1      | Linguinho the Demonspawn Fighter began the quest for the Orb.
     0 | D:1      | Reached XP level 1. HP: 18/18 MP: 1/1
   402 | D:1      | Gained mutation: You are partially covered in icy blue scales. (AC +2) [demonic ancestry]
   402 | D:1      | Reached XP level 2. HP: 21/24 MP: 2/2
   649 | D:2      | Gained mutation: You have a pair of small antennae on your head. [demonic ancestry]
   649 | D:2      | Reached XP level 3. HP: 23/29 MP: 3/3
   684 | D:2      | Found a stormy altar of Qazlal.
   699 | D:2      | Became a worshipper of Qazlal Stormbringer
  1376 | D:3      | Slain by an orc

Skill      XL: |  1  2  3 |
---------------+----------+-----
Maces & Flails | 2 |  2.3
Armour         | 3 |  3.1
Shields        | 3 |  3.1
Fighting       | |  3.2
Dodging        | |  0.8

Action                   || total
-------------------------++-------
Melee: Flail             ||   171
  Eat: Chunk             ||     1
Armor: Scale mail        ||   123
Dodge: Dodged            ||    65
Block: Shield            ||   122
